Map: King's Cove LE

Players

MarineLorD

  • Race: Terran Terran
  • League: Grandmaster
  • Spawn Location: 11:00

llllllllllll (Oliveira) - Winner!

  • Race: Terran Terran
  • League: Master
  • Spawn Location: 5:00

Event: 2019 Assembly Summer

VOD

Have the link to the VOD?

Description

Time

  • Played on: Aug. 1, 2019, 12:37 p.m.
  • Length: 6:52

All games in this series

Show
View Real Time Build Order
Export as new Build Order

MarineLorD Terran 

Build Orders: Gas First Reaper Expand, Hellion Opening 

Get SALT Encoding   

  12  0:00  SCV  
  13  0:12  SCV  
  14  0:18  Supply Depot  
  14  0:24  SCV  
  15  0:30  Refinery  
  15  0:39  SCV  
  16  0:45  Barracks  
  16  0:51  SCV  
  17  1:03  SCV  
  18  1:16  SCV  
  19  1:31  Orbital Command  
  19  1:32  Reaper  
  20  1:47  Command Center  
  20  1:57  SCV  
  20  2:01  Factory  
  21  2:07  Barracks Reactor  
  21  2:09  SCV  
  21  2:12  Supply Depot  
  22  2:18  Refinery  
  22  2:21  SCV  
  23  2:34  SCV  
  24  2:46  SCV  
  24  2:47  Starport  
  24  2:50  Hellion  
  24  2:51  Hellion, Barracks Tech Lab  
  29  2:59  Orbital Command  
  29  3:00  SCV  
  30  3:10  Marauder  
  32  3:15  Hellion  
  32  3:17  Hellion  
  37  3:20  SCV  
  37  3:24  SCV  
  38  3:31  Supply Depot, Medivac  
  40  3:36  Marauder  
  42  3:42  Hellion  
  42  3:43  Hellion  
  46  3:49  Supply Depot  
  46  3:51  Concussive Shells  
  46  3:52  SCV  
  46  3:53  SCV  
  48  3:57  Marine  
  49  4:04  SCV  
  49  4:05  SCV  
  50  4:14  Starport Tech Lab  
  50  4:16  SCV  
  51  4:18  SCV  
  51  4:19  Marine, Refinery  
  53  4:29  SCV  
  53  4:30  SCV  
  55  4:32  Raven  
  55  4:41  SCV  
  55  4:42  SCV  
  51  4:49  Cyclone, Marine  
  51  4:50  Marine  
  54  4:53  SCV  
  54  4:54  SCV  
  54  4:55  Command Center  
  56  5:05  SCV  
  56  5:06  SCV  
  56  5:07  Supply Depot, Marine x2  
  58  5:08  Supply Depot  
  60  5:15  Raven  
  62  5:23  Supply Depot  
  62  5:27  Supply Depot  
  62  5:28  Marine x2  
  62  5:29  Siege Tank, SCV x2  
  69  5:37  Refinery  
  69  5:41  SCV x2  
  71  5:48  Engineering Bay  
  71  5:49  Engineering Bay  
  71  5:53  SCV x2  
  73  6:01  Siege Tank  
  76  6:05  SCV x2  
  76  6:08  Orbital Command  
  76  6:10  Marine  
  79  6:12  Viking x2  
  79  6:17  SCV x2  
  81  6:29  SCV x2  
  81  6:31  Marine  
Show
View Real Time Build Order
Export as new Build Order

llllllllllll Terran - Winner!

Build Orders:  

Get SALT Encoding   

  12  0:00  SCV  
  13  0:13  SCV  
  14  0:18  Supply Depot  
  14  0:25  SCV  
  15  0:29  Refinery  
  15  0:39  SCV  
  16  0:45  Barracks  
  16  0:51  SCV  
  16  0:56  Refinery  
  17  1:03  SCV  
  18  1:16  SCV  
  19  1:32  Reaper, Orbital Command  
  20  1:37  Factory  
  20  1:48  Supply Depot  
  20  1:58  SCV  
  21  2:04  Reaper  
  22  2:10  SCV  
  23  2:21  Hellion  
  23  2:22  SCV  
  26  2:31  Command Center  
  26  2:37  Barracks Reactor  
  26  2:40  SCV  
  26  2:42  Widow Mine  
  29  2:48  Starport  
  29  2:55  Supply Depot  
  30  2:58  SCV  
  30  3:04  Factory Tech Lab  
  30  3:10  SCV  
  31  3:17  Marine x2  
  33  3:22  SCV  
  33  3:23  Cyclone  
  33  3:24  Starport Tech Lab  
  37  3:30  Refinery  
  37  3:35  Marine x2  
  39  3:42  Raven, SCV  
  42  3:49  Orbital Command  
  42  3:54  SCV  
  43  3:59  Cyclone  
  43  4:02  Marine  
  46  4:06  Marine  
  47  4:12  SCV  
  47  4:15  SCV  
  48  4:18  Supply Depot  
  48  4:20  Marine  
  48  4:24  Marine  
  49  4:25  Raven  
  49  4:27  SCV  
  49  4:29  SCV  
  54  4:39  Marine  
  54  4:40  Siege Tank, SCV  
  54  4:42  Marine  
  58  4:48  SCV  
  58  4:52  SCV  
  59  4:53  Supply Depot  
  60  5:00  SCV  
  60  5:04  SCV  
  62  5:12  SCV  
  62  5:14  Siege Tank  
  62  5:16  Supply Depot, SCV  
  62  5:17  Viking x2  
  70  5:25  Supply Depot  
  70  5:37  Marine, SCV x2  
  70  5:38  Supply Depot  
  73  5:47  Viking x2  
  73  5:49  SCV x2  
  79  5:55  Marine  
  80  5:59  Siege Tank  
  80  6:02  SCV x2  
  83  6:14  SCV x2  
  85  6:24  Command Center  
  84  6:26  SCV x2  
  90  6:38  SCV  
Tags
 
Add a new tag
Caveats
  • Supply blocks, unpowered buildings, or Contaminate may cause inaccurate times.
  • Supply counts are checked every 10 seconds.